[Event "29th Czech Open-Rapid 2018"]
[Site "Pardubice"]
[Date "2018.07.18"]
[Round "2"]
[White "Dimitrov, Dejan"]
[Black "Tomek, Karel"]
[Result "1-0"]
[ECO "A45"]
[WhiteElo "2096"]
[BlackElo "1785"]
[Annotator "NA"]
[PlyCount "111"]
[EventDate "2018.07.18"]
[EventType "swiss"]
[EventCountry "CZE"]
[SourceTitle "playchess.com"]
[Source "ChessBase"]
[SourceQuality "1"]
[TimeControl "900+10"]

1. d4 Nf6 2. Bf4 e6 3. e3 b6 4. Nf3 Bb7 5. Nbd2 d6 6. Bd3 Be7 7. h3 Nbd7 8. O-O O-O 9. Qe2 d5 10. e4 dxe4 11. Nxe4 Nxe4 12. Bxe4 Bxe4 13. Qxe4 Nf6 14. Qe2 c5 15. dxc5 Bxc5 16. Rfd1 Qc8 17. Bg5 Be7 18. Ne5 Rd8 19. Rxd8+ Qxd8 20. Nc6 Qc7 21. Qf3 Rc8 22. Nxe7+ Qxe7 23. c3 Rd8 24. Re1 h6 25. Be3 Nd5 26. Bd4 Qg5 27. Kh2 Qf4+ 28. Qxf4 Nxf4 29. g3 Ng6 30. Kg2 Rd7 31. Re2 b5 32. f4 Ne7 33. Be3 a6 34. g4 Rd3 35. Kf3 f5 36. Rd2 Rxd2 37. Bxd2 Kf7 38. b3 g6 39. c4 h5 40. gxh5 gxh5 41. cxb5 axb5 42. a4 bxa4 43. bxa4 Nd5 44. a5 Nc7 45. Bb4 Na6 46. Bd6 Ke8 47. Kg3 Kd7 48. Ba3 Ke8 49. Kh4 Kf7 50. Kxh5 Nc7 51. Bd6 Na6 52. Kg5 Kg7 53. h4 Kf7 54. h5 Kg7 55. h6+ Kh7 56. Kh5 1-0

[Event "29th Czech Open-Rapid 2018"]
[Site "Pardubice"]
[Date "2018.07.18"]
[Round "2"]
[White "Vykydal, Frantisek"]
[Black "Gallego Alcaraz, Andres Felipe"]
[Result "0-1"]
[ECO "B26"]
[WhiteElo "2089"]
[BlackElo "2504"]
[Annotator "RC"]
[PlyCount "88"]
[EventDate "2018.07.18"]
[EventType "swiss"]
[EventCountry "CZE"]
[SourceTitle "playchess.com"]
[Source "ChessBase"]
[SourceQuality "1"]
[TimeControl "900+10"]

1. e4 c5 2. Nc3 Nc6 3. g3 g6 4. Bg2 Bg7 5. d3 d6 6. Be3 Rb8 7. a4 a6 8. Qd2 h5 9. h4 Nf6 10. f3 b5 11. axb5 axb5 12. Nge2 e5 13. O-O Be6 14. Bg5 Qd7 15. Kh2 Nd4 16. Nxd4 cxd4 17. Nd1 d5 18. Nf2 dxe4 19. Nxe4 Nxe4 20. fxe4 O-O 21. Bf6 Rfc8 22. Rf2 Rc5 23. c3 dxc3 24. bxc3 Rbc8 25. d4 Rxc3 26. d5 Bxf6 27. Rxf6 Rc2 28. Qg5 Bh3 29. Rg1 Bxg2 30. Rxg2 Rxg2+ 31. Kxg2 Rc2+ 32. Rf2 Rxf2+ 33. Kxf2 Qd6 34. Qc1 Qb6+ 35. Kf3 Kf8 36. Qg5 Qd6 37. Qc1 Ke7 38. Ke2 Qb6 39. Qg5+ Qf6 40. Qxf6+ Kxf6 41. Kd2 Ke7 42. Kc3 Kf6 43. Kd3 Ke7 44. Ke2 {Ke6 d6} Kd7 0-1

[Event "29th Czech Open-Rapid 2018"]
[Site "Pardubice"]
[Date "2018.07.18"]
[Round "2"]
[White "Vinklarek, Ondrej"]
[Black "Zarovs, Aleksandrs"]
[Result "0-1"]
[ECO "A05"]
[WhiteElo "2071"]
[BlackElo "1836"]
[Annotator "NA"]
[PlyCount "108"]
[EventDate "2018.07.18"]
[EventType "swiss"]
[EventCountry "CZE"]
[SourceTitle "playchess.com"]
[Source "ChessBase"]
[SourceQuality "1"]
[TimeControl "900+10"]

1. Nf3 Nf6 2. g3 b6 3. Bg2 Bb7 4. O-O e6 5. d3 d5 6. Nbd2 Be7 7. e4 O-O 8. Qe2 c5 9. b3 Nc6 10. Bb2 Rc8 11. Ne5 dxe4 12. Nxc6 Bxc6 13. dxe4 Qc7 14. f4 Rfd8 15. c4 a6 16. e5 Ne8 17. Ne4 Rd7 18. f5 exf5 19. Rxf5 Rcd8 20. Rxf7 Kxf7 21. e6+ Kg8 22. exd7 Qxd7 23. Rf1 Bxe4 24. Bxe4 Bf6 25. Bd5+ Kh8 26. Bc1 Nc7 27. Rd1 Bd4+ 28. Rxd4 cxd4 29. Be4 d3 30. Qh5 g6 31. Bxg6 Ne6 32. Bb2+ Nd4 33. Qe5+ Qg7 34. Bxd4 Qxe5 35. Bxe5+ Kg8 36. Bh5 d2 37. Kf2 d1=Q 38. Bxd1 Rxd1 39. Bc7 Rd2+ 40. Ke3 Rxa2 41. Bxb6 Rb2 42. c5 Rxb3+ 43. Kd4 Kf7 44. Kd5 Ke7 45. Bc7 Kd7 46. Be5 a5 47. g4 a4 48. h4 a3 49. h5 a2 50. g5 Rb1 51. c6+ Kc8 52. g6 Rb5+ 53. Kd6 Rxe5 54. g7 Re8 0-1

[Event "29th Czech Open-Rapid 2018"]
[Site "Pardubice"]
[Date "2018.07.18"]
[Round "2"]
[White "Ludvik, Tomas"]
[Black "Tsvetkov, Andrey"]
[Result "1/2-1/2"]
[ECO "D45"]
[WhiteElo "2048"]
[BlackElo "2259"]
[Annotator "NA"]
[PlyCount "50"]
[EventDate "2018.07.18"]
[EventType "swiss"]
[EventCountry "CZE"]
[SourceTitle "playchess.com"]
[Source "ChessBase"]
[SourceQuality "1"]
[TimeControl "900+10"]

1. d4 d5 2. c4 e6 3. Nc3 c6 4. e3 Nf6 5. Nf3 Nbd7 6. Qc2 Bd6 7. Bd3 dxc4 8. Bxc4 O-O 9. O-O b5 10. Bd3 Bb7 11. Ng5 h6 12. Nge4 Nxe4 13. Nxe4 Be7 14. Bd2 a5 15. Rac1 Rc8 16. Nc5 Nxc5 17. dxc5 Bxc5 18. Qxc5 Qxd3 19. Bxa5 Qd5 20. Bb4 Rfd8 21. a3 Qe4 22. f3 Qd3 23. e4 Qd4+ 24. Qxd4 Rxd4 25. Bc3 Rd3 1/2-1/2

[Event "29th Czech Open-Rapid 2018"]
[Site "Pardubice"]
[Date "2018.07.18"]
[Round "2"]
[White "Fedotov, Konstantin"]
[Black "Mlcak, Viktor"]
[Result "1-0"]
[ECO "B03"]
[WhiteElo "2017"]
[BlackElo "1939"]
[Annotator "NA"]
[PlyCount "59"]
[EventDate "2018.07.18"]
[EventType "swiss"]
[EventCountry "CZE"]
[SourceTitle "playchess.com"]
[Source "ChessBase"]
[SourceQuality "1"]
[TimeControl "900+10"]

1. e4 Nf6 2. e5 Nd5 3. d4 d6 4. exd6 cxd6 5. c4 Nb6 6. Nc3 g6 7. h3 Bg7 8. Nf3 O-O 9. Be3 Nc6 10. Be2 Bf5 11. O-O e5 12. d5 Ne7 13. b4 Rc8 14. Qb3 h5 15. Rfd1 Qc7 16. Nb5 Qb8 17. a4 Rcd8 18. Nxa7 e4 19. Nd4 Qxa7 20. a5 Nxc4 21. Nc6 Qa8 22. Nxe7+ Kh7 23. Qxc4 Bxa1 24. Rxa1 Bd7 25. Qxe4 Rde8 26. Bxh5 Bf5 27. Qh4 Rxe7 28. Bxg6+ Kg7 29. Qh7+ Kf6 30. Bxf5 1-0

[Event "29th Czech Open-Rapid 2018"]
[Site "Pardubice"]
[Date "2018.07.18"]
[Round "2"]
[White "Haase, Pavel"]
[Black "Mosesov, Danylo"]
[Result "0-1"]
[ECO "A10"]
[WhiteElo "1994"]
[BlackElo "2282"]
[Annotator "NA"]
[PlyCount "112"]
[EventDate "2018.07.18"]
[EventType "swiss"]
[EventCountry "CZE"]
[SourceTitle "playchess.com"]
[Source "ChessBase"]
[SourceQuality "1"]
[TimeControl "900+10"]

1. c4 g6 2. g3 Bg7 3. Bg2 d6 4. Nc3 e5 5. e3 Nc6 6. Nge2 f5 7. d4 Nf6 8. Bxc6+ bxc6 9. dxe5 dxe5 10. Qxd8+ Kxd8 11. b3 Be6 12. Ba3 Nd7 13. O-O-O Ke8 14. e4 Kf7 15. h4 Rad8 16. h5 Rhe8 17. hxg6+ hxg6 18. f3 Nf6 19. Bc5 a6 20. Be3 fxe4 21. Nxe4 Nxe4 22. fxe4 Bg4 23. Rxd8 Rxd8 24. Rd1 Rxd1+ 25. Kxd1 Bf3 26. Kd2 Bxe4 27. Nc3 Bf5 28. Na4 Ke7 29. b4 Be6 30. Kd3 Bf5+ 31. Kd2 Bc8 32. Nc5 Kf6 33. Ke2 Bf8 34. Nd3 Be6 35. c5 Bxa2 36. Kf3 Bd5+ 37. Kg4 Bc4 38. Nf2 Be2+ 39. Kh4 Bf3 40. g4 Ke6 41. Kg5 Kf7 42. Kh4 Bg7 43. Nh3 Be2 44. Ng5+ Ke7 45. Nh3 Ke6 46. Kg5 Bd3 47. Bd2 Kd5 48. Bc3 Kc4 49. Bd2 e4 50. Nf4 Bc3 51. Bxc3 Kxc3 52. Kxg6 e3+ 53. Kf6 e2 54. Ng2 Be4 55. Ne1 Kd2 56. Ke5 Bd5 0-1

[Event "29th Czech Open-Rapid 2018"]
[Site "Pardubice"]
[Date "2018.07.18"]
[Round "2"]
[White "Zdrazil, Jan"]
[Black "Roenko, Artur"]
[Result "1/2-1/2"]
[ECO "C18"]
[WhiteElo "1953"]
[BlackElo "2162"]
[Annotator "NA"]
[PlyCount "90"]
[EventDate "2018.07.18"]
[EventType "swiss"]
[EventCountry "CZE"]
[SourceTitle "playchess.com"]
[Source "ChessBase"]
[SourceQuality "1"]
[TimeControl "900+10"]

1. e4 e6 2. d4 d5 3. Nc3 Bb4 4. e5 c5 5. a3 Bxc3+ 6. bxc3 Ne7 7. Qg4 cxd4 8. Qxg7 Rg8 9. Qxh7 Qc7 10. Ne2 Nbc6 11. f4 dxc3 12. Qd3 d4 13. Nxd4 Nxd4 14. Qxd4 Bd7 15. Rg1 Nf5 16. Qf2 Qc6 17. Bd3 O-O-O 18. g4 Ne7 19. Qxa7 Qf3 20. Qe3 Qc6 21. Rb1 Nd5 22. Qa7 Nc7 23. Rb4 b5 24. a4 Qa6 25. Qxa6+ Nxa6 26. Rd4 Nc7 27. axb5 Nd5 28. Ba3 Rh8 29. Rh1 Kb7 30. Kf2 Ra8 31. Bd6 Ra2 32. h4 Rb2 33. h5 Kb6 34. h6 Bxb5 35. h7 Bxd3 36. Rxd3 Rxc2+ 37. Kf3 Rd2 38. Rxd2 cxd2 39. Ke2 d1=Q+ 40. Kxd1 Nxf4 41. Bf8 Rxf8 42. h8=Q Rxh8 43. Rxh8 Ng6 44. Rh5 Kc5 45. Ke2 Kd4 1/2-1/2

[Event "29th Czech Open-Rapid 2018"]
[Site "Pardubice"]
[Date "2018.07.18"]
[Round "2"]
[White "Alekseev, Mikhail G"]
[Black "Petr, Jan"]
[Result "0-1"]
[ECO "C42"]
[WhiteElo "1855"]
[BlackElo "2282"]
[Annotator "NA"]
[PlyCount "92"]
[EventDate "2018.07.18"]
[EventType "swiss"]
[EventCountry "CZE"]
[SourceTitle "playchess.com"]
[Source "ChessBase"]
[SourceQuality "1"]
[TimeControl "900+10"]

1. e4 e5 2. Nf3 Nf6 3. Nxe5 d6 4. Nf3 Nxe4 5. d3 Nf6 6. d4 d5 7. Be2 Bd6 8. O-O h6 9. b3 O-O 10. Bb2 Ne4 11. c4 c6 12. Nc3 Bf5 13. Rc1 Bf4 14. Ra1 Nd7 15. cxd5 Nxc3 16. Bxc3 cxd5 17. Ne5 Re8 18. Bb5 a6 19. Bxd7 Bxd7 20. Qf3 Bxe5 21. dxe5 Be6 22. Bd4 Qa5 23. Qe2 Rac8 24. Rac1 Qb4 25. Qb2 Qb5 26. h3 Qd3 27. Rfd1 Qg6 28. Kh2 Qg5 29. Rxc8 Rxc8 30. Qd2 Qh4 31. Bb2 Qe4 32. Re1 Rc2 33. Rxe4 Rxd2 34. Bc3 Rxa2 35. Rb4 b5 36. f3 Rc2 37. Be1 d4 38. Rxd4 Bxb3 39. Rd8+ Kh7 40. Ra8 Ra2 41. Kg3 Bc4 42. Kf4 g5+ 43. Kf5 Kg7 44. Bc3 Bd3+ 45. Kg4 Rxg2+ 46. Kh5 Bg6# 0-1

[Event "29th Czech Open-Rapid 2018"]
[Site "Pardubice"]
[Date "2018.07.18"]
[Round "2"]
[White "Trost, Martin"]
[Black "Pein, Jonathan"]
[Result "0-1"]
[ECO "B00"]
[WhiteElo "1838"]
[BlackElo "2106"]
[Annotator "NA"]
[PlyCount "36"]
[EventDate "2018.07.18"]
[EventType "swiss"]
[EventCountry "CZE"]
[SourceTitle "playchess.com"]
[Source "ChessBase"]
[SourceQuality "1"]
[TimeControl "900+10"]

1. e4 Nc6 2. d4 e5 3. d5 Nce7 4. c4 Ng6 5. g3 Bc5 6. Be3 Bxe3 7. fxe3 Nf6 8. Nc3 Qe7 9. Bg2 Qb4 10. Qe2 O-O 11. Nf3 Nxe4 12. O-O Nxc3 13. bxc3 Qxc3 14. e4 d6 15. Rfc1 Qa3 16. c5 dxc5 17. Nd2 b6 18. h4 Qxg3 0-1

[Event "29th Czech Open-Rapid 2018"]
[Site "Pardubice"]
[Date "2018.07.18"]
[Round "2"]
[White "Ret, Adam Josef"]
[Black "Buchcar, Tomas"]
[Result "0-1"]
[ECO "A56"]
[WhiteElo "1824"]
[BlackElo "2133"]
[Annotator "NA"]
[PlyCount "100"]
[EventDate "2018.07.18"]
[EventType "swiss"]
[EventCountry "CZE"]
[SourceTitle "playchess.com"]
[Source "ChessBase"]
[SourceQuality "1"]
[TimeControl "900+10"]

1. d4 Nf6 2. c4 c5 3. d5 e5 4. Nc3 d6 5. e4 Be7 6. g3 Nbd7 7. Bg2 Nf8 8. Nge2 Ng6 9. Qc2 a6 10. a3 Bd7 11. Bd2 O-O 12. O-O Re8 13. Rab1 h6 14. b3 Nh7 15. h3 Qc8 16. Kh2 Rf8 17. f4 exf4 18. Nxf4 Ne5 19. Nd3 Bf6 20. Bf4 Re8 21. Nxe5 Bxe5 22. Bxe5 Rxe5 23. Qf2 Nf6 24. Qf4 Qc7 25. Rbe1 Rae8 26. Qd2 Qd8 27. Re2 Qe7 28. Rfe1 Rg5 29. Re3 Qe5 30. Ne2 Rh5 31. Nf4 Ng4+ 32. Kg1 Nxe3 33. Qxe3 Rf5 34. h4 Rf6 35. Qe2 Rxf4 36. gxf4 Qxf4 37. Qf2 Qxf2+ 38. Kxf2 Re5 39. Re3 f5 40. exf5 Rxe3 41. Kxe3 Bxf5 42. b4 b6 43. Bf1 Kf7 44. Kf4 Kf6 45. bxc5 bxc5 46. Be2 g5+ 47. hxg5+ hxg5+ 48. Ke3 Ke5 49. Bf3 Bh3 50. Be4 Bf1 0-1

[Event "29th Czech Open-Rapid 2018"]
[Site "Pardubice"]
[Date "2018.07.18"]
[Round "2"]
[White "Effenberger, Adam"]
[Black "Slovak, Kilian"]
[Result "0-1"]
[ECO "B31"]
[WhiteElo "1817"]
[BlackElo "2285"]
[Annotator "NA"]
[PlyCount "56"]
[EventDate "2018.07.18"]
[EventType "swiss"]
[EventCountry "CZE"]
[SourceTitle "playchess.com"]
[Source "ChessBase"]
[SourceQuality "1"]
[TimeControl "900+10"]

1. e4 c5 2. Nf3 Nc6 3. Bb5 g6 4. Bxc6 bxc6 5. O-O Bg7 6. Re1 d6 7. c3 Nh6 8. d4 cxd4 9. cxd4 O-O 10. Nc3 f6 11. Bf4 Nf7 12. Rc1 e5 13. dxe5 fxe5 14. Be3 Be6 15. b3 d5 16. Bc5 Re8 17. Na4 d4 18. Ba3 Ng5 19. Rxc6 Bg4 20. Nc5 Bxf3 21. gxf3 Qa5 22. Ra6 Qc3 23. Kg2 Rf8 24. Nd3 Rxf3 25. h4 Rxd3 26. Qe2 Nh3 27. Qg4 Nf4+ 28. Kf1 Rh3 0-1

[Event "29th Czech Open-Rapid 2018"]
[Site "Pardubice"]
[Date "2018.07.18"]
[Round "2"]
[White "Salykin, Alexandr"]
[Black "Ruzicka, Josef"]
[Result "1-0"]
[ECO "A45"]
[WhiteElo "1745"]
[BlackElo "2139"]
[Annotator "NA"]
[PlyCount "65"]
[EventDate "2018.07.18"]
[EventType "swiss"]
[EventCountry "CZE"]
[SourceTitle "playchess.com"]
[Source "ChessBase"]
[SourceQuality "1"]
[TimeControl "900+10"]

1. d4 Nf6 2. Bf4 g6 3. e3 Bg7 4. Nf3 d6 5. h3 O-O 6. Be2 b6 7. O-O Bb7 8. a4 a6 9. c3 Nbd7 10. Bh2 Re8 11. Re1 e5 12. Na3 Ne4 13. Nc4 Qe7 14. Ncd2 Nxd2 15. Nxd2 f5 16. Qb3+ Kh8 17. a5 b5 18. c4 exd4 19. exd4 Bxg2 20. Kxg2 Qg5+ 21. Bg3 Qxd2 22. Rad1 Qxa5 23. Ra1 Qb6 24. cxb5 Bxd4 25. Bf3 Rab8 26. Rxe8+ Rxe8 27. Bc6 Rd8 28. Rxa6 Nc5 29. Rxb6 Nxb3 30. Rb7 Bb6 31. Bd5 Nc5 32. Bh4 Nxb7 33. Bf6# 1-0

[Event "29th Czech Open-Rapid 2018"]
[Site "Pardubice"]
[Date "2018.07.18"]
[Round "2"]
[White "Bueble, Joschua"]
[Black "Cerveny, Martin"]
[Result "0-1"]
[ECO "A53"]
[WhiteElo "1722"]
[BlackElo "2359"]
[Annotator "NA"]
[PlyCount "42"]
[EventDate "2018.07.18"]
[EventType "swiss"]
[EventCountry "CZE"]
[SourceTitle "playchess.com"]
[Source "ChessBase"]
[SourceQuality "1"]
[TimeControl "900+10"]

1. d4 Nf6 2. c4 d6 3. Nc3 Nbd7 4. e4 e5 5. Nge2 Be7 6. f3 O-O 7. Be3 c6 8. d5 cxd5 9. Nxd5 Nxd5 10. Qxd5 Nb6 11. Qd3 f5 12. Qb3 Be6 13. Nc3 fxe4 14. fxe4 Bg5 15. Bxg5 Qxg5 16. Nb5 Qh4+ 17. Kd1 Qxe4 18. Nc7 Bg4+ 19. Kc1 Qe1+ 20. Kc2 Rf2+ 21. Kd3 Bf5# {Kd4} 0-1

[Event "29th Czech Open-Rapid 2018"]
[Site "Pardubice"]
[Date "2018.07.18"]
[Round "2"]
[White "Zdechovsky, Tobias"]
[Black "Pacl, Vaclav"]
[Result "0-1"]
[ECO "B01"]
[WhiteElo "1675"]
[BlackElo "2070"]
[Annotator "NA"]
[PlyCount "124"]
[EventDate "2018.07.18"]
[EventType "swiss"]
[EventCountry "CZE"]
[SourceTitle "playchess.com"]
[Source "ChessBase"]
[SourceQuality "1"]
[TimeControl "900+10"]

1. e4 d5 2. exd5 Qxd5 3. Nc3 Qd6 4. d4 a6 5. Nf3 Bg4 6. Be2 Nf6 7. O-O e6 8. Ne5 Bxe2 9. Nxe2 Be7 10. f4 c5 11. Be3 cxd4 12. Bxd4 Nc6 13. c4 Nxd4 14. Qxd4 Qc7 15. Kh1 Bc5 16. Qd3 Rd8 17. Qc2 g6 18. Qa4+ Kf8 19. Ng3 Kg7 20. Rae1 Rd4 21. Qc2 Rhd8 22. Re2 h5 23. h4 Bd6 24. b3 Bxe5 25. Rxe5 Rxf4 26. Rxf4 Qxe5 27. Rf3 Qd4 28. Qf2 Qxh4+ 29. Kg1 Rd1+ 30. Nf1 Qxf2+ 31. Kxf2 Ne4+ 32. Ke2 Rb1 33. Kd3 f5 34. Kd4 Kf6 35. Ne3 Rb2 36. c5 Rxa2 37. b4 Rb2 38. Kc4 Nd2+ 39. Kc3 Nxf3 40. Kxb2 Nd4 41. Nc4 Nb5 42. Kb3 e5 43. Ka4 Ke6 44. Ka5 e4 45. Kb6 f4 46. Kxb7 f3 47. gxf3 exf3 48. Kxa6 Nc7+ 49. Kb7 Nd5 50. b5 f2 51. Nd2 h4 52. c6 h3 53. b6 h2 54. c7 Nxc7 55. bxc7 h1=Q+ 56. Kb8 Qh8+ 57. c8=Q+ Qxc8+ 58. Kxc8 Kf5 59. Kd7 Kf4 60. Ke6 g5 61. Kd5 g4 62. Kd4 g3 0-1

[Event "29th Czech Open-Rapid 2018"]
[Site "Pardubice"]
[Date "2018.07.18"]
[Round "3"]
[White "Domogaev, Sergey"]
[Black "Stocek, Jiri"]
[Result "1/2-1/2"]
[ECO "E12"]
[WhiteElo "2414"]
[BlackElo "2586"]
[Annotator "ChessBase"]
[PlyCount "124"]
[EventDate "2018.07.18"]
[EventType "swiss"]
[EventCountry "CZE"]
[SourceTitle "playchess.com"]
[Source "ChessBase"]
[SourceQuality "1"]
[TimeControl "900+10"]

1. d4 Nf6 2. c4 e6 3. Nf3 b6 4. Bg5 h6 5. Bh4 c5 6. d5 Ba6 7. e3 exd5 8. cxd5 Bxf1 9. Kxf1 d6 10. Nc3 Be7 11. h3 O-O 12. g4 Na6 13. Bg3 Nc7 14. e4 Re8 15. Nd2 b5 16. Kg2 Nd7 17. Rc1 Nb6 18. b3 Bf6 19. Re1 a5 20. a4 Bxc3 21. Rxc3 Qd7 22. axb5 Nxb5 23. Rce3 Nd4 24. Nf3 Nxf3 25. Qxf3 a4 26. bxa4 Rxa4 27. Qd1 f6 28. Rb3 Nc8 29. Qb1 Ra7 30. Rb8 Kf7 31. Re3 Qa4 32. Qb5 Qxb5 33. Rxb5 Ra8 34. Rb7+ Re7 35. Reb3 Ra7 36. Rb8 Rec7 37. h4 Ke7 38. h5 Kd7 39. Bf4 Ra4 40. f3 Ra6 41. Kg3 c4 42. Rc3 Rb6 43. Rxb6 Nxb6 44. Be3 Na4 45. Ra3 Nb2 46. Bd4 Nd3 47. f4 Nc5 48. Bxc5 Rxc5 49. Rc3 Kc7 50. Kf3 Kb6 51. Ke3 Kb5 52. Kd4 Kb4 53. Rc1 c3 54. Kd3 Rc4 55. Rb1+ Kc5 56. Rb7 Rd4+ 57. Kxc3 Rxe4 58. Rxg7 Rxf4 59. Rg6 Rf3+ 60. Kd2 Kxd5 61. Rxh6 Ke4 62. Rg6 Ke5 1/2-1/2

[Event "29th Czech Open-Rapid 2018"]
[Site "Pardubice"]
[Date "2018.07.18"]
[Round "3"]
[White "Lalic, Bogdan"]
[Black "Sadhwani, Raunak"]
[Result "0-1"]
[ECO "D44"]
[WhiteElo "2394"]
[BlackElo "2409"]
[Annotator "NA"]
[PlyCount "68"]
[EventDate "2018.07.18"]
[EventType "swiss"]
[EventCountry "CZE"]
[SourceTitle "playchess.com"]
[Source "ChessBase"]
[SourceQuality "1"]
[TimeControl "900+10"]

1. d4 Nf6 2. c4 e6 3. Nf3 d5 4. Nc3 c6 5. Bg5 dxc4 6. a4 h6 7. Bxf6 Qxf6 8. e3 a5 9. Bxc4 Bb4 10. O-O O-O 11. Ne4 Qe7 12. Ne5 Nd7 13. f4 Nb6 14. Bd3 Bd7 15. Qh5 Be8 16. Qh3 f6 17. Nc4 Nd5 18. Rf3 b5 19. Na3 f5 20. Nf2 Bxa3 21. bxa3 b4 22. g4 Bg6 23. Rg3 b3 24. gxf5 Bxf5 25. Bxf5 exf5 26. Qxh6 Nc3 27. Qxc6 Rfc8 28. Qg6 b2 29. Re1 Ne2+ 30. Kg2 Nxg3 31. Kxg3 Rc1 32. Qxf5 Rxe1 33. Qd5+ Qf7 34. Qxa8+ Kh7 0-1

[Event "29th Czech Open-Rapid 2018"]
[Site "Pardubice"]
[Date "2018.07.18"]
[Round "3"]
[White "Cerveny, Martin"]
[Black "Deepan Chakkravarthy J"]
[Result "0-1"]
[ECO "E11"]
[WhiteElo "2359"]
[BlackElo "2519"]
[Annotator "RC"]
[PlyCount "108"]
[EventDate "2018.07.18"]
[EventType "swiss"]
[EventCountry "CZE"]
[SourceTitle "playchess.com"]
[Source "ChessBase"]
[SourceQuality "1"]
[TimeControl "900+10"]

1. d4 Nf6 2. Nf3 e6 3. c4 Bb4+ 4. Bd2 a5 5. g3 O-O 6. Bg2 d6 7. O-O Bxd2 8. Qxd2 Qe7 9. Nc3 c6 10. e4 e5 11. Rfe1 Bg4 12. Nh4 Na6 13. h3 Bd7 14. Nf5 Bxf5 15. exf5 Qc7 16. g4 Rfe8 17. f4 exd4 18. Qxd4 Nb4 19. Rxe8+ Rxe8 20. Rd1 Nc2 21. Qf2 Ne3 22. Re1 Nxg2 23. Rxe8+ Nxe8 24. Kxg2 Kf8 25. g5 Qe7 26. Kf3 Qd7 27. Qb6 Qxf5 28. Ne4 Qxh3+ 29. Ng3 h5 30. gxh6 gxh6 31. Qxa5 Nf6 32. Qd8+ Kg7 33. Kf2 h5 34. Qa5 Qg4 35. Qg5+ Qxg5 36. fxg5 Ng4+ 37. Kf3 Kg6 38. Kf4 Ne5 39. b3 Nd3+ 40. Ke3 Nc5 41. b4 Na6 42. b5 Nc5 43. Ne2 cxb5 44. cxb5 Kxg5 45. Nc3 f5 46. a4 Kg4 47. a5 h4 48. Kf2 h3 49. Kg1 f4 50. Ne2 f3 51. Nc3 Kg3 52. Nd1 h2+ 53. Kh1 Ne4 54. a6 Kh3 0-1

[Event "29th Czech Open-Rapid 2018"]
[Site "Pardubice"]
[Date "2018.07.18"]
[Round "3"]
[White "Turner, Jan"]
[Black "Kukelko, Alexey"]
[Result "0-1"]
[ECO "A01"]
[WhiteElo "2348"]
[BlackElo "2196"]
[Annotator "NA"]
[PlyCount "84"]
[EventDate "2018.07.18"]
[EventType "swiss"]
[EventCountry "CZE"]
[SourceTitle "playchess.com"]
[Source "ChessBase"]
[SourceQuality "1"]
[TimeControl "900+10"]

1. b3 d5 2. Bb2 Bg4 3. g3 Nc6 4. Bg2 Qd7 5. h3 Bf5 6. Nf3 f6 7. c4 d4 8. d3 e5 9. Nbd2 a5 10. a3 Nh6 11. Qc2 Nf7 12. h4 Be7 13. Ne4 O-O 14. O-O Be6 15. Rad1 h6 16. e3 f5 17. exd4 fxe4 18. d5 exf3 19. dxe6 Qxe6 20. Bxf3 Bc5 21. Kg2 Kh8 22. Rde1 Qf6 23. Bd5 Nd4 24. Bxd4 Bxd4 25. Bxb7 Rab8 26. Be4 Qb6 27. Rb1 Nd6 28. b4 Nxe4 29. dxe4 axb4 30. axb4 Rf6 31. f3 Ra8 32. Rfd1 Qb7 33. Rd2 Rfa6 34. Qd3 Ra4 35. b5 Qb6 36. Rc2 Qc5 37. Qe2 Ra3 38. Rf1 Re3 39. Qd2 Raa3 40. h5 Red3 41. Qe2 Rdc3 42. Rxc3 Rxc3 0-1

[Event "29th Czech Open-Rapid 2018"]
[Site "Pardubice"]
[Date "2018.07.18"]
[Round "3"]
[White "Westerinen, Heikki Mj"]
[Black "Dimitrov, Dejan"]
[Result "1/2-1/2"]
[ECO "B01"]
[WhiteElo "2312"]
[BlackElo "2096"]
[Annotator "NA"]
[PlyCount "95"]
[EventDate "2018.07.18"]
[EventType "swiss"]
[EventCountry "CZE"]
[SourceTitle "playchess.com"]
[Source "ChessBase"]
[SourceQuality "1"]
[TimeControl "900+10"]

1. e4 d5 2. exd5 Qxd5 3. Nc3 Qd6 4. Nf3 Nf6 5. g3 g6 6. Bg2 Bg7 7. O-O O-O 8. d4 c6 9. Re1 Bf5 10. Bf4 Qd8 11. Qd2 Nd5 12. Bh6 Nd7 13. Bxg7 Kxg7 14. Ne4 N7f6 15. Nxf6 Nxf6 16. c3 Be4 17. Qf4 Bd5 18. b3 Re8 19. c4 Bxf3 20. Bxf3 Qd6 21. Re5 Nd7 22. Re4 Qxf4 23. Rxf4 e5 24. dxe5 Nxe5 25. Be2 Rad8 26. Re4 Nd7 27. Rxe8 Rxe8 28. Kf1 a5 29. f4 Nc5 30. Bf3 Re3 31. Bg2 Kf6 32. Rd1 Rd3 33. Re1 Rd2 34. Re5 b6 35. Bxc6 Rxa2 36. h4 Nxb3 37. Bd5 Nc5 38. g4 Nd3 39. g5+ Kg7 40. Re7 Rf2+ 41. Kg1 Rxf4 42. Rb7 Ne5 43. Rxb6 Nxc4 44. Rf6 Rxf6 45. gxf6+ Kxf6 46. Bxc4 g5 47. hxg5+ Kxg5 48. Bxf7 1/2-1/2

[Event "29th Czech Open-Rapid 2018"]
[Site "Pardubice"]
[Date "2018.07.18"]
[Round "3"]
[White "Nun, Jiri"]
[Black "Kyrychenko, Maryan"]
[Result "1/2-1/2"]
[ECO "B50"]
[WhiteElo "2306"]
[BlackElo "2152"]
[Annotator "NA"]
[PlyCount "68"]
[EventDate "2018.07.18"]
[EventType "swiss"]
[EventCountry "CZE"]
[SourceTitle "playchess.com"]
[Source "ChessBase"]
[SourceQuality "1"]
[TimeControl "900+10"]

1. e4 c5 2. Nf3 d6 3. c3 Nf6 4. h3 Nc6 5. d4 cxd4 6. cxd4 Nxe4 7. d5 Qa5+ 8. Nc3 Nxc3 9. bxc3 Ne5 10. Qb3 Nxf3+ 11. gxf3 a6 12. Be3 b5 13. Bd3 g6 14. Bd4 Rg8 15. h4 Bf5 16. Be4 Rc8 17. O-O Bg7 18. a4 Bxd4 19. cxd4 b4 20. Rac1 Kd7 21. Rfe1 Bxe4 22. fxe4 Qb6 23. Qh3+ f5 24. Qe3 Rxc1 25. Rxc1 Rc8 26. Re1 Rc3 27. Qd2 Rc4 28. Rd1 b3 29. exf5 b2 30. Rb1 Rxd4 31. Qe2 Rxh4 32. Rxb2 Qc7 33. Qe6+ Kd8 34. Qg8+ Kd7 1/2-1/2

[Event "29th Czech Open-Rapid 2018"]
[Site "Pardubice"]
[Date "2018.07.18"]
[Round "3"]
[White "Meleshko, Vladimir"]
[Black "Maslak, Alexander"]
[Result "1-0"]
[ECO "B39"]
[WhiteElo "2268"]
[BlackElo "2154"]
[Annotator "NA"]
[PlyCount "47"]
[EventDate "2018.07.18"]
[EventType "swiss"]
[EventCountry "CZE"]
[SourceTitle "playchess.com"]
[Source "ChessBase"]
[SourceQuality "1"]
[TimeControl "900+10"]

1. e4 c5 2. Nf3 Nc6 3. d4 cxd4 4. Nxd4 g6 5. c4 Bg7 6. Be3 Nf6 7. Nc3 Ng4 8. Qxg4 Nxd4 9. Qd1 Ne6 10. Be2 Qa5 11. O-O g5 12. Bg4 Be5 13. Nd5 Bxb2 14. Rb1 Be5 15. Rb5 Qd8 16. Nxe7 Bxh2+ 17. Kxh2 Qxe7 18. Bxe6 fxe6 19. Bxg5 Qf7 20. Qd6 a6 21. Rc5 b5 22. Qb6 Qh5+ 23. Kg1 O-O 24. Be7 1-0

[Event "29th Czech Open-Rapid 2018"]
[Site "Pardubice"]
[Date "2018.07.18"]
[Round "3"]
[White "Tsvetkov, Andrey"]
[Black "Trost, Edvin"]
[Result "1-0"]
[ECO "A59"]
[WhiteElo "2259"]
[BlackElo "1925"]
[Annotator "NA"]
[PlyCount "103"]
[EventDate "2018.07.18"]
[EventType "swiss"]
[EventCountry "CZE"]
[SourceTitle "playchess.com"]
[Source "ChessBase"]
[SourceQuality "1"]
[TimeControl "900+10"]

1. d4 Nf6 2. c4 c5 3. d5 b5 4. cxb5 a6 5. bxa6 Bxa6 6. Nc3 d6 7. e4 Bxf1 8. Kxf1 g6 9. g3 Bg7 10. Kg2 O-O 11. Nf3 Nbd7 12. a4 Ra6 13. Qc2 Qa8 14. Nb5 Rc8 15. Bd2 c4 16. Nfd4 Nc5 17. Nc6 Kf8 18. Qxc4 Ncxe4 19. Bb4 Nxd5 20. Qxd5 Qxc6 21. Rac1 Nc5 22. Qxc6 Raxc6 23. Na7 Bxb2 24. Rc2 Bd4 25. Rd1 Bf6 26. Nxc8 Rxc8 27. Bxc5 dxc5 28. Rc4 e6 29. Rd7 Bd8 30. Rb7 Ke8 31. Rb5 Be7 32. a5 Kd7 33. Rb7+ Rc7 34. Rxc7+ Kxc7 35. Kf3 Kb7 36. Ke4 Bd6 37. Ra4 Ka6 38. Kd3 h5 39. Kc4 Be7 40. h4 Bd6 41. Ra1 f5 42. Rd1 Bf8 43. Rd8 Bg7 44. Ra8+ Kb7 45. Re8 Bd4 46. Rxe6 Bxf2 47. Rxg6 f4 48. gxf4 Bxh4 49. Kb5 Bd8 50. Rg7+ Kc8 51. a6 Kb8 52. Rg8 1-0